 Dungeon Crawl Stone Soup version 0.20-a0-1018-ge435b50 (webtiles) character file.

83 rlgrobin the Skirmisher (level 4, -3/37 HPs)
             Began as a Mummy Monk on Apr 17, 2017.
             Slain by an adder (5 damage)
             ... on level 3 of the Dungeon.
             The game lasted 00:05:08 (3935 turns).

rlgrobin the Skirmisher (Mummy Monk)                Turns: 3935, Time: 00:05:09

Health: -3/37      AC:  0    Str: 17    XL:     4   Next: 22%
Magic:  4/4        EV: 13    Int:  9    God:
Gold:   100        SH:  0    Dex: 15    Spells: 3/3 levels left

rFire    x . .     SeeInvis .     - Unarmed
rCold    + . .     Gourm    .   (no shield)
rNeg     + + +     Faith    .   (no armour)
rPois    ∞         Spirit   .   (no helmet)
rElec    .         Reflect  .   (no cloak)
rCorr    .         Harm     .   (no gloves)
MR       .....                  (no boots)
Stlth    ++........             (no amulet)
Regen    0.2/turn               (no ring)
MPRegen  0.1/turn               f - +3 ring of strength

@: no status effects
A: no food or potions, fire vulnerability, cold resistance 1, negative energy
resistance 3, torment resistance, unbreathing
a: no special abilities


You were on level 3 of the Dungeon.
You were not hungry.

You visited 1 branch of the dungeon, and saw 3 of its levels.

You collected 100 gold pieces.


Innate Abilities, Weirdness & Mutations

You do not eat or drink.
Your flesh is vulnerable to fire.
You are immune to poison.
Your flesh is cold resistant. (rC+)
You are immune to negative energy. (rN+++)
You are immune to unholy pain and torment.
You can survive without breathing.


   Skills:
 - Level 4.0 Fighting
 - Level 3.2 Dodging
 - Level 3.2 Stealth
 + Level 3.2 Unarmed Combat


You had 3 spell levels left.
You didn't know any spells.

Inventory:

Armour
 a - a +0 robe
Jewellery
 f - a +3 ring of strength (right hand)
Scrolls
 b - a scroll of teleportation {unknown}
 c - 2 scrolls of remove curse {unknown}
 d - 3 scrolls of enchant armour {unknown}
 e - 2 scrolls of identify {unknown}
 g - 2 scrolls of magic mapping {unknown}

Dungeon Overview and Level Annotations

Branches:
Dungeon (3/15)

Altars:

Annotations:
D:3 Sigmund

....."▒▒....▒ ▒.....▒▒▒▒.▒
..........▒.▒ ▒..[..'....▒
.▒S▒▒▒▒▒▒.▒.▒ ▒.....▒▒▒▒▒▒
..........▒.▒ ▒▒▒▒▒.▒
.▒@▒▒▒▒▒▒.▒.▒ ▒.▒ ..........▒.▒
▒▒▒▒▒▒▒.▒ .▒.▒▒▒▒▒▒▒▒.▒ ▒.....▒.▒
............▒▒▒▒▒▒.▒▒▒.▒.▒▒▒▒▒▒▒▒
▒▒.▒▒▒▒▒▒▒▒....SM....▒.▒........▒
▒.▒ ▒.▒▒▒▒▒..▒.▒.▒▒▒▒▒▒▒▒▒▒ ▒.▒
▒.▒▒▒▒▒..▒...▒ ▒.▒ ▒.▒......▒▒▒▒▒
▒.▒ ▒.▒........... ▒.▒
▒▒▒▒'▒.....▒▒▒▒▒▒ ▒.▒
▒..........▒ ▒▒.▒ ▒.........▒▒
▒▒.▒ ▒.........▒


You could see an adder.


Message History

* * * don't die
* * * You take 14 damage, and have 17/37 hp!
MASSIVE DAMAGE!!!!!!
Sigmund points at you and mumbles some strange words!
You are confused!
You're too confused to move!!!
Sigmund casts a spell at you!
The magic dart hits you!!! * * * don't die
* * * You take 7 damage, and have 10/37 hp!
You bump into the rock wall!
Sigmund barely misses you!
You feel less confused!
Sigmund points at you and mumbles some strange words!
You are confused!
You bump into the rock wall!
You bump into the rock wall!
You bump into the rock wall!
Sigmund screams, "Don't try to resist!!!"
Sigmund barely misses you!
You feel less confused! The adder bites you! * * * don't die
* * * Sigmund hits you with a scythe!!! * * * don't die
* * * You take 10 damage, and have 2/37 hp!
MASSIVE DAMAGE!!!!!!
The adder closely misses you!
Sigmund casts a spell!
Sigmund flickers and vanishes!!!
Deactivating autopickup; reactivate with Ctrl-A!
The adder bites you! rip

Action                   |  1- 3 |  4- 6 || total
-------------------------+-------+-------++-------
Melee: Unarmed           |   235 |    19 ||   254
       Punch             |     2 |       ||     2
 Stab: Sleeping          |     9 |     2 ||    11
       Distracted        |     1 |       ||     1
Armor: Robe              |    16 |       ||    16
Dodge: Dodged            |   165 |    16 ||   181

Vault maps used:
D:1:      dpeg_arrival_rooms_c
D:2:      chequers_ecumenical_altar_simple, minmay_tree_intersection
D:3:      first_bread, uniq_crazy_yiuf_cottage, uniq_sigmund

Notes
Turn   | Place    | Note
-------+----------+-------------------------------------------
     0 | D:1      | rlgrobin the Mummy Monk began the quest for the Orb.
     0 | D:1      | Reached XP level 1. HP: 19/19 MP: 1/1
   273 | D:1      | Reached skill level 1 in Unarmed Combat
   599 | D:1      | Reached XP level 2. HP: 19/25 MP: 2/2
  1766 | D:2      | Reached skill level 2 in Unarmed Combat
  1804 | D:2      | Found a faded altar of an unknown god.
  1858 | D:2      | oh hey I still have my jacket on
  1858 | D:2      | shoot
  1858 | D:2      | well let me just maul this adder
  1872 | D:2      | Reached XP level 3. HP: 12/30 MP: 3/3
  1873 | D:2      | there we go
  1992 | D:2      | sorry
  2882 | D:3      | HP: 3/30 [adder (4)]
  2888 | D:3      | HP: 2/30 [bat (1)]
  2901 | D:3      | HP: 3/30 [bat (1)]
  2911 | D:3      | HP: 3/30 [bat (1)]
  3511 | D:3      | Reached skill level 3 in Unarmed Combat
  3612 | D:3      | Reached XP level 4. HP: 35/37 MP: 4/4
  3904 | D:3      | Noticed Sigmund
  3931 | D:3      | HP: 2/37 [Sigmund/scythe (9)]
  3935 | D:3      | Slain by an adder

Vanquished Creatures
  4 adders
  A worm (D:1)
  A dart slug (D:3)
  A leopard gecko (D:2)
  An orc (D:3)
  8 bats
  3 giant cockroaches
  2 goblins
  4 hobgoblins
  6 kobolds
  2 quokkas
  A ball python (D:2)
  7 frilled lizards
  2 rats (D:1)
43 creatures vanquished.
